Map: 트라이튼 - 래더

Players

TSGSolar (Solar) - Winner!

  • Race: Zerg Zerg
  • League: Diamond
  • Spawn Location: 11:00

soO

  • Race: Zerg Zerg
  • League: Master
  • Spawn Location: 5:00

Event: HomeStory Cup XX

VOD

Have the link to the VOD?

Description

Time

  • Played on: Nov. 23, 2019, 1:23 p.m.
  • Length: 8:19

All games in this series

Show
View Real Time Build Order
Export as new Build Order

TSGSolar Zerg - Winner!

Build Orders: Hatch First, Zergling Baneling 

Get SALT Encoding   

  12  0:01  Drone  
  13  0:12  Overlord  
  13  0:17  Drone  
  14  0:31  Drone x2  
  16  0:47  Hatchery  
  15  0:51  Drone  
  15  0:54  Drone  
  17  0:58  Drone  
  18  1:09  Extractor  
  17  1:13  Spawning Pool  
  17  1:16  Drone  
  17  1:20  Drone  
  18  1:27  Drone  
  19  1:39  Drone  
  20  1:49  Overlord  
  20  2:00  Queen x2  
  20  2:01  Zergling x2, Drone  
  26  2:08  Metabolic Boost  
  26  2:12  Drone x2  
  28  2:22  Drone x2  
  30  2:36  Hatchery  
  29  2:39  Drone  
  29  2:43  Queen  
  32  2:47  Overlord  
  32  2:50  Drone  
  33  2:54  Drone  
  33  2:58  Baneling Nest  
  33  3:00  Zergling x2  
  33  3:02  Drone  
  33  3:04  Drone  
  36  3:10  Zergling x4  
  36  3:12  Drone  
  39  3:15  Drone  
  39  3:17  Drone  
  39  3:18  Zergling x2  
  42  3:23  Overlord  
  42  3:28  Drone x2  
  43  3:41  Baneling  
  43  3:44  Drone x4  
  43  3:46  Zergling x4  
  43  3:48  Drone, Evolution Chamber  
  50  3:51  Queen  
  50  3:53  Zergling x4  
  52  3:56  Zergling x4  
  52  3:59  Zergling x4  
  54  4:03  Overlord  
  54  4:09  Baneling x4  
  51  4:14  Queen  
  53  4:19  Baneling x2  
  53  4:20  Zergling x6  
  56  4:25  Zergling x6  
  56  4:27  Baneling  
  56  4:29  Overlord  
  59  4:35  Drone x2  
  59  4:36  Queen  
  62  4:39  Drone  
  62  4:47  Zergling x2, Baneling x2  
  62  4:48  Zergling x8  
  62  4:50  Zergling x2  
  62  4:51  Zergling x2  
  65  4:56  Zergling x2  
  65  4:59  Extractor  
  65  5:00  Roach Warren  
  65  5:01  Extractor  
  65  5:02  Baneling x4  
  65  5:03  Zergling x4  
  65  5:06  Zergling x2  
  66  5:10  Drone  
  66  5:11  Drone  
  67  5:16  Drone  
  68  5:22  Overlord  
  68  5:23  Drone  
  68  5:25  Drone  
  69  5:30  Zerg Missile Weapons Level 1  
  69  5:31  Drone x2  
  69  5:32  Drone x2  
  73  5:40  Drone x2  
  75  5:44  Overlord  
  75  5:45  Drone x3  
  75  5:46  Extractor, Drone  
  75  5:48  Lair  
  78  5:54  Overlord  
  76  5:58  Roach x2  
  76  6:01  Roach  
  76  6:03  Drone x2  
  83  6:04  Drone  
  83  6:09  Drone x2  
  83  6:10  Roach x2  
  83  6:11  Drone  
  84  6:13  Drone  
  84  6:14  Drone x2  
  87  6:19  Extractor, Roach  
  87  6:22  Baneling x2  
  87  6:24  Roach x2  
  92  6:27  Overlord  
  92  6:29  Overlord  
  92  6:32  Roach x3  
  98  6:36  Overlord  
  98  6:38  Overlord  
  96  6:43  Overlord  
  96  6:47  Glial Reconstitution  
  96  6:49  Roach x5  
  96  6:50  Overseer  
  106  6:58  Roach x4  
  114  7:02  Roach x3  
  114  7:05  Roach  
  114  7:06  Roach  
  124  7:14  Roach x4  
  124  7:15  Roach  
  134  7:17  Overlord  
  134  7:20  Overlord  
  134  7:22  Roach  
  135  7:25  Overlord  
  135  7:27  Overlord  
  135  7:30  Roach  
  135  7:33  Overlord  
  137  7:38  Roach x2  
  141  7:44  Roach x4  
  141  7:49  Roach x3  
  155  7:52  Roach  
  155  7:58  Roach x4  
  176  8:13  Ravager  
Show
View Real Time Build Order
Export as new Build Order

soO Zerg 

Build Orders: Hatch First, Zergling Baneling 

Get SALT Encoding   

  12  0:00  Drone  
  13  0:12  Overlord  
  13  0:16  Drone  
  14  0:30  Drone x2  
  16  0:47  Hatchery  
  15  0:50  Drone  
  15  0:54  Drone  
  17  0:57  Drone  
  18  1:07  Extractor  
  17  1:12  Spawning Pool  
  17  1:15  Drone  
  17  1:19  Drone  
  18  1:27  Drone  
  19  1:38  Drone  
  20  1:48  Overlord  
  20  1:59  Queen x2  
  20  2:00  Zergling x2, Drone  
  26  2:09  Metabolic Boost  
  26  2:11  Drone x2  
  28  2:21  Drone  
  28  2:22  Drone  
  30  2:36  Hatchery  
  29  2:39  Zergling x2  
  29  2:43  Overlord  
  30  2:47  Drone  
  30  2:48  Baneling Nest  
  30  2:49  Drone  
  31  2:54  Drone  
  32  2:59  Drone  
  33  3:06  Zergling x4  
  33  3:07  Zergling x2  
  33  3:10  Overlord  
  36  3:31  Zergling x4  
  36  3:32  Zergling x8  
  42  3:41  Zergling x6  
  45  3:42  Zergling x2  
  45  3:43  Zergling x4  
  48  3:53  Zergling x4  
  48  3:55  Zergling x2  
  50  3:56  Zergling x2  
  50  3:58  Zergling x2  
  50  4:05  Zergling x2  
  50  4:07  Zergling x2  
  50  4:11  Queen  
  50  4:12  Zergling x2  
  50  4:13  Zergling x6, Baneling  
  50  4:15  Overlord  
  56  4:19  Evolution Chamber  
  56  4:21  Baneling x6  
  55  4:24  Baneling x3  
  55  4:30  Drone x3  
  57  4:36  Drone  
  49  4:42  Drone x4  
  49  4:43  Drone  
  49  4:44  Drone  
  46  4:55  Drone x3  
  46  4:57  Drone x2  
  46  4:59  Zergling x4  
  53  5:01  Zerg Missile Weapons Level 1  
  53  5:04  Zergling x2  
  54  5:12  Zergling x4  
  51  5:15  Zergling x2  
  51  5:18  Baneling  
  51  5:20  Zergling x2  
  53  5:22  Roach Warren  
  53  5:24  Zergling x2  
  53  5:26  Extractor  
  53  5:27  Zergling x2, Queen  
  53  5:28  Extractor  
  53  5:32  Zergling x6  
  53  5:33  Baneling  
  54  5:43  Zergling x6  
  57  5:56  Hatchery, Drone  
  56  5:58  Drone  
  56  6:08  Zergling x4  
  56  6:09  Baneling x2  
  55  6:13  Lair, Drone  
  55  6:14  Drone x2  
  55  6:16  Drone x3  
  59  6:18  Overlord  
  59  6:19  Overlord  
  59  6:23  Hatchery, Overlord  
  59  6:29  Overlord x2  
  59  6:36  Drone  
  59  6:37  Drone  
  58  6:40  Drone x2  
  58  6:45  Drone x2  
  58  6:46  Roach x2  
  65  6:53  Roach x2  
  69  7:02  Roach  
  69  7:05  Roach  
  73  7:13  Drone  
  73  7:14  Roach  
  73  7:15  Roach x2  
  80  7:17  Roach  
  80  7:19  Overlord  
  82  7:25  Overlord x2  
  82  7:29  Overseer  
  82  7:30  Overlord  
  82  7:40  Roach x3  
  82  7:42  Roach x2  
  82  7:43  Extractor  
  91  7:48  Roach x3  
  97  7:51  Roach x2  
  97  7:54  Roach  
  103  7:59  Roach x2  
Tags
 
Add a new tag
Caveats
  • Supply blocks, unpowered buildings, or Contaminate may cause inaccurate times.
  • Supply counts are checked every 10 seconds.